 Dungeon Crawl Stone Soup version 0.23.2-40-g277498a (webtiles) character file.

Game seed: 5514220384922311269

56001 Lorak the Thaumaturge (level 14, -3/108 HPs)
             Began as a Gnoll Wizard on Oct 1, 2019.
             Was a High Priest of Ashenzari.
             Slain by a red devil
             ... wielding a +0 trident
             ... summoned by an orc high priest
              (20 damage)
             ... on level 2 of the Orcish Mines on Oct 4, 2019.
             The game lasted 03:22:48 (41322 turns).

Lorak the Thaumaturge (Gnoll Wizard)               Turns: 41322, Time: 03:22:49

Health: -3/108     AC:  8    Str:  9    XL:     14   Next: 79%
Magic:  2/29       EV: 24    Int: 28    God:    Ashenzari [*****.]
Gold:   2544       SH:  7    Dex: 17    Spells: 7/36 levels left

rFire    + . .     SeeInvis +   H - staff of wizardry (curse)
rCold    . . .     Gourm    .   z - +0 buckler (curse)
rNeg     . . .     Faith    .   i - +0 robe {rF+}
rPois    .         Spirit   .   y - +1 helmet {SInv} (curse)
rElec    +         Reflect  .   (no cloak)
rCorr    .         Harm     .   J - +0 pair of gloves
MR       +....     Clarity  +   O - +0 pair of boots
Stlth    +++++.....             B - amulet of the acrobat (curse)
HPRegen  0.28/turn              j - +4 ring of evasion (curse)
MPRegen  0.21/turn              E - ring of Jarghon {+Inv rElec Int+2 Dex+3} (curse)

@: no status effects
A: distributed training, fangs 1, strong nose
a: Curse Item, Scrying, Renounce Religion, Evoke Invisibility


You were on level 2 of the Orcish Mines.
You worshipped Ashenzari.
Ashenzari was extremely pleased with you.
You were very hungry.

You visited 4 branches of the dungeon, and saw 19 of its levels.

You collected 2544 gold pieces.

Inventory:

Missiles
 c - a throwing net (quivered)
Armour
 a - a +0 robe
 i - a +0 robe of fire resistance (worn)
 y - a cursed +1 helmet of see invisible (worn)
 z - a cursed +0 buckler (worn)
 J - a +0 pair of gloves (worn)
 O - a +0 pair of boots (worn)
Magical Staves
 H - a cursed staff of wizardry (weapon)
Jewellery
 j - a cursed +4 ring of evasion (left hand)
 B - a cursed amulet of the acrobat (around neck)
 E - the cursed ring of Jarghon (right hand) {+Inv rElec Int+2 Dex+3}
   (You found it on level 7 of the Dungeon)

   [ring of dexterity]

   It affects your intelligence (+2).
   It affects your dexterity (+3).
   It insulates you from electricity.
   It lets you turn invisible.
   It has a curse placed upon it.
 G - the ring of the Magpie {MR+ Str+2 Dex+6 Stlth+}
   (You found it on level 7 of the Dungeon)

   [ring of protection from magic]

   It affects your strength (+2).
   It affects your dexterity (+6).
   It affects your resistance to hostile enchantments.
   It makes you more stealthy.
 L - the cursed ring of Fun {rF+ Int-3 Stlth+}
   (You found it on level 9 of the Dungeon)

   [ring of intelligence]

   It affects your intelligence (-3).
   It protects you from fire.
   It makes you more stealthy.
   It has a curse placed upon it.
 N - an uncursed amulet of regeneration
 Q - a +5 ring of strength
 U - a +2 ring of evasion
 X - an uncursed ring of protection from fire
Wands
 m - a wand of digging (6)
 u - a wand of acid (18)
 I - a wand of flame (36)
 R - a wand of enslavement (17)
 V - a wand of random effects (21)
 Z - a wand of iceblast (10)
Scrolls
 b - a scroll of holy word {unknown}
 e - 3 scrolls of amnesia
 f - a scroll of enchant weapon
 g - 3 scrolls of teleportation
 h - 2 scrolls of remove curse
 l - a scroll of acquirement
 o - 3 scrolls of magic mapping
 p - 2 scrolls of immolation
 s - a scroll of fear
 x - a scroll of enchant armour {unknown}
 A - a scroll of brand weapon {unknown}
 C - a scroll of random uselessness {unknown}
 D - a scroll of noise {unknown}
 F - a scroll of fog {unknown}
 M - a scroll of blinking {unknown}
 S - 2 scrolls of silence
Potions
 k - 2 potions of heal wounds
 n - 4 potions of curing
 q - 3 potions of degeneration
 r - 2 potions of mutation
 t - 3 potions of brilliance
 v - 4 potions of lignification
 w - a potion of agility
 K - a potion of ambrosia
 P - a potion of cancellation
 T - a potion of resistance
 W - a potion of flight
 Y - 3 potions of might
Comestibles
 d - 8 rations


   Skills:
 + Level 9.3 Fighting
 + Level 9.3 Short Blades
 + Level 9.3 Long Blades
 + Level 9.3 Axes
 + Level 9.3 Maces & Flails
 + Level 9.3 Polearms
 + Level 9.3 Staves
 + Level 9.3 Slings
 + Level 9.3 Bows
 + Level 9.3 Crossbows
 + Level 9.3 Throwing
 + Level 9.3 Armour
 + Level 10.4 Dodging
 + Level 10.2 Stealth
 + Level 9.3(11.9) Shields
 + Level 9.3 Unarmed Combat
 + Level 11.5(15.2) Spellcasting
 + Level 8.1(12.1) Conjurations
 + Level 7.8(11.8) Hexes
 + Level 7.8(11.8) Charms
 + Level 8.1(12.1) Summonings
 + Level 7.8(11.8) Necromancy
 + Level 8.1(12.1) Translocations
 + Level 7.8(11.8) Transmutations
 + Level 7.8(11.8) Fire Magic
 + Level 7.8(11.8) Ice Magic
 + Level 7.8(11.8) Air Magic
 + Level 7.8(11.8) Earth Magic
 + Level 7.8(11.8) Poison Magic
 + Level 10.2 Invocations
 + Level 9.3(13.2) Evocations


You had 7 spell levels left.
You knew the following spells:

 Your Spells              Type           Power        Failure   Level  Hunger
a - Magic Dart            Conj           ####         0%          1    None
b - Blink                 Tloc           N/A          1%          2    None
c - Call Imp              Summ           ######..     1%          2    None
d - Conjure Flame         Conj/Fire      ######..     1%          3    None
e - Mephitic Cloud        Conj/Pois/Air  ######..     1%          3    None
f - Bolt of Cold          Conj/Ice       ######....   1%          6    ####...
g - Freezing Cloud        Conj/Ice/Air   ######....   1%          6    ####...
h - Simulacrum            Ice/Necr       ######....   1%          6    ####...

Your spell library contained the following spells:

 Spells                   Type           Power        Failure   Level  Hunger
 Confusing Touch          Hex            ######       0%          1    None
 Slow                     Hex            ######..     1%          2    None
 Confuse                  Hex            ######..     1%          3    None
 Gell's Gravitas          Tloc           ######....   1%          3    None
 Ice Form                 Ice/Tmut       ######..     1%          4    None
 Petrify                  Tmut/Erth      ######..     1%          4    None
 Metabolic Englaciation   Hex/Ice        ######....   1%          5    None
 Yara's Violent Unravell  Hex/Tmut       ######....   1%          5    None
 Ozocubu's Refrigeration  Ice            ######....   1%          6    ####...


Dungeon Overview and Level Annotations

Branches:
Dungeon (10/15)            Temple (1/1) D:6            Lair (6/6) D:10
  Swamp (0/4) Lair:4       Spider (0/4) Lair:4        Slime (0/5) Lair:5
    Orc (2/2) D:9
    Elf: Orc:2

Altars:
Ashenzari
Cheibriados
Dithmenos
Elyvilon
Fedhas
Gozag
Hepliaklqana
Kikubaaqudgha
Makhleb
Nemelex Xobeh
Okawaru
Qazlal
Ru
Sif Muna
Trog
Uskayaw
Vehumet
Wu Jian
Xom
Yredelemnul
Zin
The Shining One

Shops:
D:6 =   Orc:2 ?*

Annotations:
D:9 Psyche
D:10 exclusion: gargoyle
Lair:6 2 transporters, chromaticdragonking's ghost, journeyman OgBe
Orc:2 3 runed translucent doors, fooot's ghost, journeyman MiFi


Innate Abilities, Weirdness & Mutations

Your experience applies equally to all skills.
You have very sharp teeth.
Your uncanny sense of smell can sniff out nearby items.


Message History

You hear a sizzling sound!
You are feeling very hungry.
The red devil barely misses you.
The red devil hits you from afar with a +0 trident!
The hellwing swoops through the air toward you!
The hellwing hits you. You block the hellwing's attack.
Things that are here:
a +0 robe; a +0 dagger You closely miss the hellwing.
You bite the hellwing, but do no damage.
You hit the hellwing but do no damage. The hellwing hits you.
The hellwing hits you but does no damage.
The red devil hits you from afar with a +0 trident!
* * * LOW HITPOINT WARNING * * *
You hit the hellwing but do no damage.
The orc high priest hits you with a cursed -3 mace!
* * * LOW HITPOINT WARNING * * *
You block the hellwing's attack. The hellwing completely misses you.
The red devil hits you from afar with a +0 trident!!
You die...

..### #####.....
##.(####.#.# ....##
*#.......* ####([#######
.....# #....##. ,
##.###.[## ###..##....#**
##..(###[.## .W#..#....#
* ##.#(#.###.)##
..#....†..#
##..(#)..###.)##
(.+...)..##
##..)###...###.)##
..+....$#.##
##.4[##.##...###).#
..+.....$..#
##.@[##.6.##......).
.(#.......####4)o##..#{
##..[#[.[
..#)).....###.#4##..# *
##....#)
###......###....)..#*,∩*{
##...[.
..#.##.####...[.#.##∩ ,
,##..#. ...#####
##.......# { * ,##....^
...#.# ##.#.##..#*
*#....#. .....#
##...*#..#,, #...#...
.....# #...*#...
#........


You could see an orc high priest, a hellwing and 2 red devils.

Vanquished Creatures
  A fire dragon (Lair:6)
  2 hydras
  2 two-headed ogres
  7 death yaks
  3 orc high priests (Orc:2)
  2 sixfirhies (Orc:2)
  A gelid demonspawn (Orc:2)
  Pikel (D:5)
  A lindwurm (Lair:6)
  5 orc knights (Orc:2)
  A manticore (Lair:6)
  4 orc sorcerers (Orc:2)
  13 elephants
  A smoke demon (Orc:2)
  A rust devil (Orc:1)
  6 torpor snails
  2 black mambas (Lair:5)
  7 spiny frogs
  3 rime drakes
  5 komodo dragons
  2 hellwings (Orc:2)
  2 trolls (D:10)
  8 polar bears (Lair:6)
  7 blink frogs
  4 tyrant leeches
  10 hornets
  3 bog bodies (Lair:4)
  7 hippogriffs
  29 yaks
  A wyvern (Lair:4)
  A hungry ghost (D:9)
  A chaos spawn (Orc:2)
  5 wargs
  A swamp worm (Lair:4)
  14 water moccasins
  17 hell hounds (Lair:6)
  9 black bears (Lair:6)
  6 porcupines
  A slave (D:5)
  17 orc warriors
  4 phantoms
  A sky beast (D:8)
  2 ogres
  19 wolves
  2 centaurs
  14 crocodiles
  4 big kobolds
  9 bullfrogs
  A scorpion (D:8)
  2 electric eels
  2 bullfrog zombies
  A howler monkey (D:4)
  3 crimson imps
  A quasit (D:10)
  5 hounds
  15 orc priests
  3 centaur skeletons
  3 jellies
  14 orc wizards
  8 worker ants
  4 iguanas
  A hound zombie (D:7)
  A worker ant zombie (D:6)
  A howler monkey zombie (D:7)
  6 adders
  2 river rats (D:5)
  2 shadow imps
  An ooze (D:1)
  3 adder skeletons
  2 worms
  14 leopard geckos
  55 orcs
  A ball python (D:3)
  7 bats
  5 giant cockroaches
  3 goblins
  7 hobgoblins
  11 jackals
  11 kobolds
  6 quokkas
  9 frilled lizards
  5 rats
  A plant (Lair:6)
484 creatures vanquished.

Vanquished Creatures (collateral kills)
  A death yak (Lair:2)
  An orc sorcerer (Orc:2)
  A spiny frog (Lair:4)
  A komodo dragon (Lair:2)
  A polar bear (Lair:6)
  A troll (Orc:2)
  3 blink frogs (Lair:6)
  A bog body (Lair:4)
  3 basilisks
  Eustachio (D:6)
  Menkaure (D:6)
  A water moccasin (D:8)
  A porcupine (D:10)
  A slave (D:6)
  9 orc warriors
  3 black bears
  3 wolves
  A centaur (D:7)
  A bullfrog (D:6)
  A crimson imp (D:5)
  An orc wizard (Orc:2)
  6 orc priests
  A worker ant (D:5)
  A howler monkey zombie (D:9)
  3 gnolls (D:5)
  2 adders
  17 orcs
  7 jackals (D:9)
  2 frilled lizards
  4 kobolds
80 creatures vanquished.

Vanquished Creatures (others)
  3 fungi
  27 plants
30 creatures vanquished.

Grand Total: 594 creatures vanquished

Notes
Turn   | Place    | Note
-------+----------+-------------------------------------------
     0 | D:1      | Lorak the Gnoll Wizard began the quest for the Orb.
     0 | D:1      | Reached XP level 1. HP: 13/13 MP: 8/8
   187 | D:1      | Reached XP level 2. HP: 19/19 MP: 8/10
  1067 | D:2      | Reached XP level 3. HP: 25/25 MP: 7/11
  1294 | D:2      | Reached skill level 1 in Invocations
  1844 | D:2      | Reached skill level 1 in Fighting
  1844 | D:2      | Reached skill level 1 in Short Blades
  1844 | D:2      | Reached skill level 1 in Long Blades
  1844 | D:2      | Reached skill level 1 in Axes
  1844 | D:2      | Reached skill level 1 in Maces & Flails
  1844 | D:2      | Reached skill level 1 in Polearms
  1844 | D:2      | Reached skill level 1 in Staves
  1844 | D:2      | Reached skill level 1 in Slings
  1844 | D:2      | Reached skill level 1 in Bows
  1844 | D:2      | Reached skill level 1 in Crossbows
  1844 | D:2      | Reached skill level 1 in Throwing
  1844 | D:2      | Reached skill level 1 in Armour
  1844 | D:2      | Reached skill level 1 in Shields
  1844 | D:2      | Reached skill level 1 in Unarmed Combat
  1844 | D:2      | Reached skill level 1 in Evocations
  1920 | D:2      | Found a radiant altar of Vehumet.
  1920 | D:2      | Found a glowing golden altar of the Shining One.
  1925 | D:2      | Found a faded altar of an unknown god.
  1927 | D:2      | Found an ancient bone altar of Kikubaaqudgha.
  1928 | D:2      | Found a faded altar of an unknown god.
  2091 | D:2      | Reached XP level 4. HP: 30/32 MP: 3/13
  2728 | D:3      | Reached skill level 1 in Hexes
  2728 | D:3      | Reached skill level 1 in Charms
  2728 | D:3      | Reached skill level 1 in Necromancy
  2728 | D:3      | Reached skill level 1 in Transmutations
  2728 | D:3      | Reached skill level 1 in Fire Magic
  2728 | D:3      | Reached skill level 1 in Ice Magic
  2728 | D:3      | Reached skill level 1 in Air Magic
  2728 | D:3      | Reached skill level 1 in Earth Magic
  2728 | D:3      | Reached skill level 1 in Poison Magic
  3212 | D:4      | Found a shimmering altar of Xom.
  3212 | D:4      | Found a shimmering altar of Xom.
  3224 | D:4      | Found a shimmering altar of Xom.
  3225 | D:4      | Found a shimmering altar of Xom.
  3225 | D:4      | Found a shimmering altar of Xom.
  3226 | D:4      | Found a shimmering altar of Xom.
  3441 | D:3      | Reached XP level 5. HP: 19/37 MP: 1/14
  3594 | D:3      | Learned a level 2 spell: Blink
  3597 | D:3      | Learned a level 2 spell: Call Imp
  3601 | D:3      | Learned a level 3 spell: Conjure Flame
  3605 | D:3      | Learned a level 3 spell: Mephitic Cloud
  3829 | D:4      | Noticed a phantom
  3880 | D:4      | Killed a phantom
  4084 | D:4      | Reached XP level 6. HP: 38/44 MP: 5/16
  4422 | D:5      | Entered Level 5 of the Dungeon
  4818 | D:5      | Reached skill level 5 in Dodging
  5124 | D:5      | Reached XP level 7. HP: 45/50 MP: 10/18
  5773 | D:5      | Found a shimmering altar of Xom.
  6461 | D:6      | Noticed Menkaure
  6467 | D:6      | Noticed Eustachio
  6767 | D:6      | Reached skill level 5 in Stealth
  7186 | D:6      | Killed Menkaure
  7186 | D:6      | Reached XP level 8. HP: 29/57 MP: 11/19
  7716 | D:6      | Found Sinaju Heutu's Jewellery Emporium.
  7722 | D:6      | Noticed Pikel
  7992 | D:5      | Killed Pikel
  7992 | D:5      | Reached skill level 8 in Spellcasting
  8237 | D:6      | Killed Eustachio
  8463 | D:6      | Found a staircase to the Ecumenical Temple.
  8472 | Temple   | Entered the Ecumenical Temple
  8506 | Temple   | Became a worshipper of Ashenzari the Shackled
  8631 | D:6      | Found an iron altar of Okawaru.
  8869 | D:6      | Reached XP level 9. HP: 61/65 MP: 15/21
  9924 | D:7      | Identified the ring of Jarghon {+Inv rElec Int+2 Dex+3}
 10118 | D:7      | Identified the ring of the Magpie {MR+ Str+2 Dex+6 Stlth+}
 10971 | D:8      | Identified 2 scrolls of acquirement
 12152 | D:8      | Found a blossoming altar of Fedhas.
 12237 | D:8      | Reached * piety under Ashenzari
 12565 | D:9      | Reached skill level 5 in Invocations
 12688 | D:9      | Identified the cursed ring of Fun {rF+ Int-3 Stlth+}
 12690 | D:9      | Found a staircase to the Orcish Mines.
 12835 | D:9      | Noticed a hornet
 12958 | D:9      | Killed a hornet
 12958 | D:9      | Reached XP level 10. HP: 70/73 MP: 3/22
 13661 | D:9      | Noticed Psyche
 13693 | D:9      | Noticed a two-headed ogre
 13723 | D:9      | Killed a two-headed ogre
 13723 | D:9      | Reached skill level 5 in Fighting
 13723 | D:9      | Reached skill level 5 in Short Blades
 13723 | D:9      | Reached skill level 5 in Long Blades
 13723 | D:9      | Reached skill level 5 in Axes
 13723 | D:9      | Reached skill level 5 in Maces & Flails
 13723 | D:9      | Reached skill level 5 in Polearms
 13723 | D:9      | Reached skill level 5 in Staves
 13723 | D:9      | Reached skill level 5 in Slings
 13723 | D:9      | Reached skill level 5 in Bows
 13723 | D:9      | Reached skill level 5 in Crossbows
 13723 | D:9      | Reached skill level 5 in Throwing
 13723 | D:9      | Reached skill level 5 in Armour
 13723 | D:9      | Reached skill level 5 in Shields
 13723 | D:9      | Reached skill level 5 in Unarmed Combat
 13723 | D:9      | Reached skill level 5 in Evocations
 14434 | D:10     | Entered Level 10 of the Dungeon
 14434 | D:10     | Noticed a two-headed ogre
 14873 | D:10     | Found a staircase to the Lair.
 14886 | D:10     | Reached skill level 9 in Spellcasting
 15163 | D:10     | Reached skill level 5 in Conjurations
 15163 | D:10     | Reached skill level 5 in Summonings
 15163 | D:10     | Reached skill level 5 in Translocations
 15541 | D:10     | Reached ** piety under Ashenzari
 16310 | D:10     | Noticed a gargoyle
 17020 | D:10     | Killed a two-headed ogre
 17020 | D:10     | Reached XP level 11. HP: 81/81 MP: 0/24
 17217 | Lair:1   | Entered Level 1 of the Lair of Beasts
 17570 | Lair:1   | Reached skill level 5 in Hexes
 17570 | Lair:1   | Reached skill level 5 in Charms
 17570 | Lair:1   | Reached skill level 5 in Necromancy
 17570 | Lair:1   | Reached skill level 5 in Transmutations
 17570 | Lair:1   | Reached skill level 5 in Fire Magic
 17570 | Lair:1   | Reached skill level 5 in Ice Magic
 17570 | Lair:1   | Reached skill level 5 in Air Magic
 17570 | Lair:1   | Reached skill level 5 in Earth Magic
 17570 | Lair:1   | Reached skill level 5 in Poison Magic
 19123 | Lair:1   | Reached *** piety under Ashenzari
 20017 | Lair:2   | Noticed a death yak
 20017 | Lair:2   | Noticed a death yak
 20039 | Lair:2   | Noticed a death yak
 20067 | Lair:2   | Killed a death yak
 20827 | Lair:2   | Noticed a death yak
 20827 | Lair:2   | Noticed a death yak
 20827 | Lair:2   | Noticed a death yak
 20827 | Lair:2   | Noticed a death yak
 20848 | Lair:2   | Noticed a death yak
 20854 | Lair:2   | Killed a death yak
 20993 | Lair:2   | Learned a level 6 spell: Bolt of Cold
 21013 | Lair:2   | Killed a death yak
 21156 | Lair:1   | Killed a death yak
 21156 | Lair:1   | Reached XP level 12. HP: 63/89 MP: 14/25
 21512 | Lair:1   | Killed a death yak
 21666 | Lair:1   | Killed a death yak
 21666 | Lair:1   | Reached skill level 10 in Spellcasting
 21965 | Lair:2   | Killed a death yak
 21997 | Lair:2   | Killed a death yak
 23587 | Lair:3   | Reached **** piety under Ashenzari
 24832 | Lair:4   | Found a basalt altar of Yredelemnul.
 24899 | Lair:4   | Found a hole to the Spider Nest.
 26238 | Lair:4   | Found a staircase to the Swamp.
 27215 | Lair:4   | Learned a level 6 spell: Freezing Cloud
 27254 | Lair:5   | Found a staircase to the Slime Pits.
 27571 | Lair:5   | Reached XP level 13. HP: 98/98 MP: 5/27
 28184 | Lair:5   | Reached ***** piety under Ashenzari
 28719 | Lair:6   | Entered Level 6 of the Lair of Beasts
 29158 | Lair:6   | Found a runed translucent door.
 29158 | Lair:6   | Noticed a fire dragon
 29178 | Lair:6   | Paralysed by a hornet for 3 turns
 29669 | Lair:6   | Paralysed by a hornet for 1 turns
 31287 | Lair:5   | Reached skill level 11 in Spellcasting
 31818 | Lair:6   | Killed a fire dragon
 32796 | Lair:6   | Reached XP level 14. HP: 106/106 MP: 23/29
 34217 | Lair:6   | Reached skill level 10 in Dodging
 35984 | Lair:6   | Noticed chromaticdragonking's ghost (journeyman OgBe)
 36004 | Lair:6   | Found a transporter.
 36004 | Lair:6   | Found a transporter.
 36263 | D:9      | Learned a level 6 spell: Simulacrum
 36264 | Orc:1    | Entered Level 1 of the Orcish Mines
 36308 | Orc:2    | Entered Level 2 of the Orcish Mines
 36570 | Orc:2    | Found a runed translucent gate.
 36570 | Orc:2    | Found a runed translucent gate.
 36570 | Orc:2    | Found a runed translucent gate.
 36570 | Orc:2    | Noticed fooot's ghost (journeyman MiFi)
 38427 | Orc:2    | Reached skill level 10 in Stealth
 39044 | Orc:2    | Found Buwneb's Magic Scroll Emporium.
 39091 | Orc:2    | Found Uciat's General Store.
 39889 | Orc:2    | Reached skill level 10 in Invocations
 41322 | Orc:2    | Slain by a red devil

Skill      XL: |  1  2  3  4  5  6  7  8  9 10 11 12 13 14 |
---------------+-------------------------------------------+-----
Conjurations   | 2 3 4 5 6 7 8 |  8.1
Summonings     | 2 3 4 5 6 7 8 |  8.1
Translocations | 2 3 4 5 6 7 8 |  8.1
Invocations    | 1 2 3 4 5 6 7 8 9 10 | 10.2
Fighting       | 1 2 3 4 5 6 7 8 9 |  9.3
Short Blades   | 1 2 3 4 5 6 7 8 9 |  9.3
Long Blades    | 1 2 3 4 5 6 7 8 9 |  9.3
Axes           | 1 2 3 4 5 6 7 8 9 |  9.3
Maces & Flails | 1 2 3 4 5 6 7 8 9 |  9.3
Polearms       | 1 2 3 4 5 6 7 8 9 |  9.3
Staves         | 1 2 3 4 5 6 7 8 9 |  9.3
Slings         | 1 2 3 4 5 6 7 8 9 |  9.3
Bows           | 1 2 3 4 5 6 7 8 9 |  9.3
Crossbows      | 1 2 3 4 5 6 7 8 9 |  9.3
Throwing       | 1 2 3 4 5 6 7 8 9 |  9.3
Armour         | 1 2 3 4 5 6 7 8 9 |  9.3
Shields        | 1 2 3 4 5 6 7 8 9 |  9.3
Unarmed Combat | 1 2 3 4 5 6 7 8 9 |  9.3
Evocations     | 1 2 3 4 5 6 7 8 9 |  9.3
Hexes          | 1 2 3 4 5 6 7 |  7.8
Charms         | 1 2 3 4 5 6 7 |  7.8
Necromancy     | 1 2 3 4 5 6 7 |  7.8
Transmutations | 1 2 3 4 5 6 7 |  7.8
Fire Magic     | 1 2 3 4 5 6 7 |  7.8
Ice Magic      | 1 2 3 4 5 6 7 |  7.8
Air Magic      | 1 2 3 4 5 6 7 |  7.8
Earth Magic    | 1 2 3 4 5 6 7 |  7.8
Poison Magic   | 1 2 3 4 5 6 7 |  7.8
Dodging        | 5 6 7 8 9 10 | 10.4
Stealth        | 5 6 7 8 9 10 | 10.2
Spellcasting   | 8 9 10 11 | 11.5

Action                   |  1- 3 |  4- 6 |  7- 9 | 10-12 | 13-15 || total
-------------------------+-------+-------+-------+-------+-------++-------
Melee: Staff             |       |       |       |    12 |   184 ||   196
       Bite              |       |       |       |       |    27 ||    27
 Fire: Hunting sling     |     5 |    19 |    40 |       |       ||    64
Throw: Throwing net      |       |       |       |     1 |       ||     1
 Cast: Magic Dart        |   105 |   151 |   388 |   829 |   985 ||  2458
       Call Imp          |       |    22 |    88 |   118 |   130 ||   358
       Conjure Flame     |       |     2 |    11 |    61 |    41 ||   115
       Mephitic Cloud    |       |     1 |     3 |    10 |    25 ||    39
       Blink             |       |       |     1 |     7 |    12 ||    20
       Bolt of Cold      |       |       |       |    15 |    49 ||    64
       Freezing Cloud    |       |       |       |     3 |    31 ||    34
       Simulacrum        |       |       |       |       |     4 ||     4
Invok: Curse Item        |       |       |     3 |     1 |       ||     4
       Scrying           |       |       |       |       |     1 ||     1
  Use: Scroll            |       |     8 |     7 |    10 |     3 ||    28
       Potion            |       |     1 |       |       |       ||     1
 Stab: Distracted        |       |       |       |       |     4 ||     4
       Confused          |       |       |       |       |     6 ||     6
  Eat: Ration            |     1 |       |     4 |    11 |    10 ||    26
       Chunk             |       |     9 |    12 |     9 |    19 ||    49
Armor: Robe              |     1 |     2 |    14 |    39 |    74 ||   130
Dodge: Dodged            |    22 |    49 |   181 |   296 |   746 ||  1294
Block: Buckler           |       |    11 |    46 |   102 |   324 ||   483
